 Dungeon Crawl Stone Soup version 0.20-a0-299-gec7c366 (webtiles) character file.

1 Banto the Ruffian (level 1, -2/18 HPs)
             Began as a Naga Transmuter on Dec 15, 2016.
             Slain by a hobgoblin (4 damage)
             ... on level 1 of the Dungeon.
             The game lasted 00:00:09 (33 turns).

Banto the Ruffian (Naga Transmuter)                   Turns: 33, Time: 00:00:09

Health: -2/18      AC:  1    Str: 12    XL:     1   Next: 20%
Magic:  3/3        EV: 10    Int: 13    God:
Gold:   0          SH:  0    Dex: 11    Spells: 3/4 levels left

rFire  . . .     SeeInvis +       - Unarmed
rCold  . . .     Gourm    .     b - +0 robe
rNeg   . . .     Faith    .     (no shield)
rPois  +         Spirit   .     (no helmet)
rElec  .         Reflect  .     (no cloak)
rCorr  .         Harm     .     (no gloves)
MR     .....                    (no barding)
Stlth  +.........               (no amulet)
                                (no ring)
                                (no ring)

@: appendage (expiring), very slow
A: horns 2, see invisible, deformed body, poison resistance, slowness 2, slow
metabolism 1, spit poison 1, AC +0
a: Spit Poison, End Transformation


You were on level 1 of the Dungeon.
You were not hungry.
You had grown temporary horns.
You visited 1 branch of the dungeon, and saw 1 of its levels.

Inventory:

Missiles
 a - 12 arrows
Armour
 b - a +0 robe (worn)
Books
 c - a book of Changes

   Spells                             Type                      Level
   a - Beastly Appendage              Transmutation                1
   b - Sticks to Snakes               Transmutation                2
   c - Spider Form                    Transmutation/Poison         3
   d - Ice Form                       Ice/Transmutation            4
   e - Blade Hands                    Transmutation                5
Comestibles
 d - a bread ration


   Skills:
 - Level 1.0 Fighting
 - Level 1.5 Dodging
 + Level 3.0 Unarmed Combat
 - Level 2.0 Spellcasting
 + Level 2.0 Transmutations


You had 3 spell levels left.
You knew the following spells:

 Your Spells              Type           Power        Failure   Level  Hunger
a - Beastly Appendage     Tmut           #.....       12%         1    ##.....


Dungeon Overview and Level Annotations

Branches:
Dungeon (1/15)

Altars:


Innate Abilities, Weirdness & Mutations

You cannot wear boots.
Your serpentine skin is tough. (AC +0)
You have supernaturally acute eyesight. (SInv)
Armour fits poorly on your strangely shaped body.
Your system is resistant to poisons. (rPois)
You cover ground very slowly.
You have a slow metabolism.
You can spit poison.
You have a pair of horns on your head.


Message History

You take 2 damage, and have 9/18 hp.
The hobgoblin closely misses you.
Your transformation is almost over.
The giant cockroach bites you but does no damage.
The hobgoblin barely misses you. The hobgoblin closely misses you.
The giant cockroach closely misses you. MP restored: 3 The hobgoblin hits you.
* * * LOW HITPOINT WARNING * * *
You take 5 damage, and have 5/18 hp.
MASSIVE DAMAGE!!
You closely miss the hobgoblin. You headbutt the hobgoblin.
You kill the hobgoblin!
The hobgoblin hits you.
* * * LOW HITPOINT WARNING * * *
You take 3 damage, and have 2/18 hp.
You hit the hobgoblin but do no damage.
Press: ? - help, Shift-Dir - straight line, f - hobgoblin
Aim: a hobgoblin You fail to use your ability.
The hobgoblin hits you.
You die...

#..# ### #.
#..######....
#.##............ #
#.##...#.....#. .#
####.##..##.######...
..#.###..8....)8..#
#.#.###..#.....#..
#.#.##...#..<..#
#..sg@...#.....# #
#...###..8.....8..
#.###...###.######.##..#
#............# .# ..
#.........#.... .. #
##........##### ##
...?........#
####........#
..........#


You could see a giant cockroach and a hobgoblin.

Vanquished Creatures
  A hobgoblin (D:1)
1 creature vanquished.

Notes
Turn   | Place    | Note
-------+----------+-------------------------------------------
     0 | D:1      | Banto the Naga Transmuter began the quest for the Orb.
     0 | D:1      | Reached XP level 1. HP: 18/18 MP: 3/3
    33 | D:1      | Slain by a hobgoblin

Vault maps used:
D:1:      scummos_arrival_simple_crosswalls, dk_noncrumbling_4

Action                   || total
-------------------------++-------
Melee: Unarmed           ||     7
       Headbutt          ||     1
 Cast: Beastly Appendage ||     1
 Abil: Spit Poison       ||     1
Armor: Robe              ||     2
Dodge: Dodged            ||    12

Table legend:
 A = Turns spent in this place as a percentage of turns spent in the entire game.
 B = Non-inter-level travel turns spent in this place as a percentage of non-inter-level travel turns spent in the entire game.
 C = Inter-level travel turns spent in this place as a percentage of turns spent in this place.
 D = Turns resting spent in this place as a percentage of non-inter-level travel turns spent in this place.
 E = Turns spent auto-exploring this place as a percentage of non-inter-level travel turns spent in this place.
 F = Non-inter-level travel turns spent in this place divided by the number of levels of this place that you've seen.
                   A       B       C       D       E      F
               +-------+-------+-------+-------+-------+----------------------
         Total | 100.0 | 100.0 |   0.0 |   0.0 |   8.0 |  25.0
       Dungeon | 100.0 | 100.0 |   0.0 |   0.0 |   8.0 |  25.0
               +-------+-------+-------+-------+-------+----------------------

Table legend:
 A = Kills in this place as a percentage of kills in entire the game.
 B = Kills by you in this place as a percentage of kills by you in the entire game.
 C = Kills by friends in this place as a percentage of kills by friends in the entire game.
 D = Other kills in this place as a percentage of other kills in the entire game.
 E = Experience gained in this place as a percentage of experience gained in the entire game.
 F = Experience gained in this place divided by the number of levels of this place that you have seen.
                   A       B       C       D       E      F
               +-------+-------+-------+-------+-------+----------------------
         Total | 100.0 | 100.0 |  -nan |  -nan | 100.0 |   2.0
       Dungeon | 100.0 | 100.0 |  -nan |  -nan | 100.0 |   2.0
               +-------+-------+-------+-------+-------+----------------------
